 Dungeon Crawl Stone Soup version 0.31-a0-214-gb37851dbb3 (webtiles) character file.

Game seed: 3298299022358059726

1617 qw the Cleaver (level 8, -9/51 HPs)
             Began as a Gargoyle Fighter on July 1, 2023.
             Mangled by a two-headed ogre
             ... wielding a +0 giant club
              (14 damage)
             ... on level 7 of the Dungeon.
             The game lasted 00:02:54 (5848 turns).

qw the Cleaver (Gargoyle Fighter)                   Turns: 5848, Time: 00:02:55

Health: -9/51      AC: 21    Str: 21    XL:     8   Next: 96%
Magic:  8/8        EV:  8    Int: 10    God:
Gold:   202        SH:  9    Dex:  9    Spells: 7/7 levels left

rFire   . . .        Y - +0 war axe
rCold   . . .        c - +0 buckler
rNeg    + . .        t - +0 chain mail
rPois   inf          i - +1 helmet
rElec   +            (no cloak)
rCorr   .            (no gloves)
SInv    .            (no boots)
Will    +....        b - amulet of reflection Stlth
                     f - +4 ring of protection
HPRegen 0.28/turn    o - ring of willpower
MPRegen 0.11/turn

%: reflection
@: about to teleport
A: sickness immunity, AC +5, negative energy resistance 1, electricity
resistance, torment resistance 1, petrification resistance
a: no special abilities


You were on level 7 of the Dungeon.
You visited 1 branch of the dungeon, and saw 7 of its levels.

You collected 202 gold pieces.


Innate Abilities, Weirdness & Mutations

You are immune to sickness and miasma.
Your stone body is resilient. (AC +5)
You are immune to poison.
You resist negative energy. (rN+)
You are resistant to electric shocks. (rElec)
You are resistant to unholy torment.
You are immune to petrification.


   Skills:
 - Level 6.1 Fighting
 + Level 8.6 Axes
 - Level 1.8 Throwing
 - Level 4.1 Armour
 - Level 1.0 Dodging
 - Level 3.2 Shields


You had 7 spell levels left.
You didn't know any spells.
Your spell library was empty.

Inventory:

Hand Weapons
 k - a +0 flail
 Y - a +0 war axe (weapon)
Armour
 c - a +0 buckler (worn)
 i - a +1 helmet (worn)
 t - a +0 chain mail (worn)
Jewellery
 b - an amulet of reflection (around neck)
 f - a +4 ring of protection (left hand)
 n - a ring of resist corrosion
 o - a ring of willpower (right hand)
Scrolls
 j - 2 scrolls of teleportation
 l - a scroll of enchant armour {unknown}
 m - 2 scrolls of identify
Potions
 a - 4 potions of curing
 d - a potion of might
 e - a potion of haste
 g - a potion of lignification
 h - a potion of magic
 r - a potion of enlightenment
 s - a potion of brilliance {unknown}
 u - a potion of resistance {unknown}
 w - a potion of mutation {unknown}

Dungeon Overview and Level Annotations

Branches:
Dungeon (7/15)
 Temple: D:4-7

Altars:
Gozag
Hepliaklqana
Ru
Xom
Yredelemnul

Shops:
D:4 [

Annotations:
D:4 3 runed translucent doors, qw's ghost, amateur DEHu; qw's ghost, novice DEHu


Message History

You barely miss the two-headed ogre.
The two-headed ogre is lightly wounded.
You block the two-headed ogre's attack. x2
You slash the two-headed ogre!
The two-headed ogre is moderately wounded.
You hit the two-headed ogre.
The two-headed ogre is moderately wounded.
The two-headed ogre closely misses you.
The two-headed ogre hits you with a +0 giant spiked club!!
You slash the two-headed ogre!
The two-headed ogre is heavily wounded.
You block the two-headed ogre's attack.
The two-headed ogre hits you with a +0 giant spiked club.
You barely miss the two-headed ogre.
The two-headed ogre is heavily wounded.
You barely miss the two-headed ogre.
The two-headed ogre is heavily wounded.
You block the two-headed ogre's attack. The two-headed ogre barely misses you.
You slash the two-headed ogre!
The two-headed ogre is severely wounded.
The two-headed ogre hits you with a +0 giant club!
The two-headed ogre barely misses you.
You slash the two-headed ogre!
The two-headed ogre is almost dead.
The two-headed ogre hits you with a +0 giant club.
The two-headed ogre hits you but does no damage.
5845 ||| READING 3 scrolls of teleportation.
As you read the scroll of teleportation, it crumbles to dust.
You feel strangely unstable.
You completely miss the two-headed ogre.
The two-headed ogre is almost dead.
You block the two-headed ogre's attack.
The two-headed ogre hits you with a +0 giant spiked club!
You barely miss the two-headed ogre.
The two-headed ogre is almost dead.
The two-headed ogre closely misses you. You block the two-headed ogre's attack.
You hit the two-headed ogre.
The two-headed ogre is almost dead.
The two-headed ogre hits you with a +0 giant club!
You die...

####.# ....#
..... ...$ #..#
#..# . #O.# #.
##@# #. ##.##
#.####.##
#.....##
###....######
#.........).##
........#####..#
######### #..#
##.##


You could see a two-headed ogre.

Vanquished Creatures
  Sigmund (D:2)
  A water moccasin (D:6)
  2 black bears
  A sky beast (D:6)
  2 ogres
  A phantom (D:6)
  3 scorpions
  An electric eel (D:6)
  6 hounds
  A jelly (D:7)
  An orc priest (D:4)
  2 iguanas (D:6)
  3 orc wizards
  Robin (D:3)
  8 adders
  2 shadow imps (D:6)
  A white imp (D:6)
  A worm (D:4)
  3 dart slugs
  22 orcs
  5 endoplasms
  4 giant cockroaches
  18 goblins
  10 hobgoblins
  7 jackals
  13 kobolds
  9 quokkas
  10 ball pythons
  5 bats
  2 frilled lizards (D:3)
  2 rats
148 creatures vanquished.

Notes
Turn   | Place    | Note
-------+----------+-------------------------------------------
     0 | D:1      | qw the Gargoyle Fighter began the quest for the Orb.
     0 | D:1      | Reached XP level 1. HP: 14/14 MP: 1/1
     0 | D:1      | 0 ||| qw: Version: 0.3-a-32-g5962c71
     0 | D:1      | 0 ||| qw: Game counter: 7369
     0 | D:1      | 0 ||| qw: Melee chars always use a shield: true
     0 | D:1      | 0 ||| qw: God list: Okawaru
     0 | D:1      | 0 ||| qw: Allow faded altars: false
     0 | D:1      | 0 ||| qw: Do Orc after clearing Dungeon:15 true
     0 | D:1      | 0 ||| qw: Do second Lair branch before Depths: true
     0 | D:1      | 0 ||| qw: Lair rune preference: random
     0 | D:1      | 0 ||| qw: Goals: Normal, Zot:1-4, Slime:5, God:TSO, Crypt,
                  | Tomb, Abyss, Pan, Hells, Win
     0 | D:1      | 0 ||| PLANNING D:1-11
    52 | D:1      | Reached skill level 2 in Axes
   108 | D:1      | Reached XP level 2. HP: 14/19 MP: 2/2
   366 | D:1      | Reached skill level 3 in Axes
   537 | D:1      | 537 ||| DROPPING +0 club.
   548 | D:1      | Reached XP level 3. HP: 23/23 MP: 3/3
   787 | D:1      | 787 ||| UPGRADING to +4 ring of protection.
   788 | D:1      | 788 ||| READING scroll labelled ZEPRONWIHY.
   792 | D:1      | 792 ||| READING scroll labelled TOUKI KAL BAUP.
   810 | D:1      | 810 ||| READING 2 scrolls labelled IXUNWU WEP XIUTRUPH.
   811 | D:1      | 811 ||| DROPPING scroll of revelation.
   890 | D:2      | 890 ||| Stepping ~*~*~tactically~*~*~ (stealth).
   947 | D:2      | Noticed Sigmund
   961 | D:2      | Killed Sigmund
   962 | D:2      | Reached skill level 5 in Axes
   962 | D:2      | Reached XP level 4. HP: 28/28 MP: 4/4
   962 | D:2      | Reached XP level 5. HP: 32/32 MP: 5/5
  1141 | D:2      | You fall into a shaft and drop 2 floors!
  1142 | D:4      | 1142 ||| UPGRADING to +1 helmet.
  1178 | D:3      | Reached XP level 6. HP: 34/38 MP: 6/6
  1195 | D:3      | 1195 ||| DROPPING +0 whip.
  1211 | D:3      | 1211 ||| READING scroll labelled MODUOT IQOP.
  1218 | D:3      | 1218 ||| FLEEEEING.
  1219 | D:3      | 1219 ||| STAIRDANCE
  1638 | D:2      | 1638 ||| DROPPING orb of wrath.
  1639 | D:2      | 1639 ||| DRINKING 2 inky potions.
  1702 | D:3      | 1702 ||| Stepping ~*~*~tactically~*~*~ (stealth).
  1703 | D:3      | 1703 ||| Stepping ~*~*~tactically~*~*~ (stealth).
  1704 | D:3      | 1704 ||| Stepping ~*~*~tactically~*~*~ (stealth).
  1706 | D:3      | 1706 ||| Stepping ~*~*~tactically~*~*~ (stealth).
  1737 | D:3      | Found a shimmering altar of Xom.
  1945 | D:3      | 1945 ||| Stepping ~*~*~tactically~*~*~ (stealth).
  1948 | D:3      | 1948 ||| Stepping ~*~*~tactically~*~*~ (stealth).
  1951 | D:3      | Noticed Robin
  1975 | D:3      | Reached skill level 1 in Dodging
  1980 | D:3      | Killed Robin
  2307 | D:3      | 2307 ||| Stepping ~*~*~tactically~*~*~ (stealth).
  2396 | D:3      | 2396 ||| Stepping ~*~*~tactically~*~*~ (stealth).
  2447 | D:3      | 2447 ||| Stepping ~*~*~tactically~*~*~ (hiding).
  2562 | D:3      | 2562 ||| UPGRADING to ring of resist corrosion.
  2563 | D:3      | 2563 ||| UPGRADING to ring of willpower.
  2565 | D:3      | 2565 ||| READING 2 scrolls labelled ZUW ABAAFEM.
  2566 | D:3      | 2566 ||| READING scroll labelled SUGHUDDUFEN.
  2974 | D:4      | Noticed a black bear
  2984 | D:4      | Killed a black bear
  2985 | D:4      | Reached skill level 6 in Axes
  2985 | D:4      | Reached XP level 7. HP: 27/43 MP: 7/7
  3087 | D:4      | Found a runed translucent gate.
  3088 | D:4      | Found a runed translucent gate.
  3089 | D:4      | Found a runed translucent gate.
  3090 | D:4      | Noticed qw's ghost (novice DEHu)
  3090 | D:4      | Noticed qw's ghost (amateur DEHu)
  3091 | D:4      | Noticed qw's ghost (amateur DEHu)
  3147 | D:4      | Found Ceschoylo's Antique Armour Emporium.
  3159 | D:4      | 3159 ||| SHOPLISTING glowing helmet (210 gold, have 82).
  3159 | D:4      | 3159 ||| SHOPLISTING glowing scale mail (196 gold, have
                  | 82).
  3159 | D:4      | 3159 ||| SHOPLISTING heavily runed scale mail (252 gold,
                  | have 82).
  3159 | D:4      | 3159 ||| SHOPLISTING plate armour (644 gold, have 82).
  3159 | D:4      | 3159 ||| SHOPLISTING runed ring mail (196 gold, have 82).
  3767 | D:4      | 3767 ||| UPGRADING to +0 chain mail.
  3777 | D:4      | 3777 ||| DROPPING +0 scale mail.
  3778 | D:4      | 3778 ||| READING 2 scrolls labelled QATEZO MUTSIMP.
  3779 | D:4      | 3779 ||| READING scroll labelled YVVIEZURUNAV.
  3780 | D:4      | 3780 ||| DRINKING 4 black potions.
  3781 | D:4      | 3781 ||| DRINKING 2 bubbling golden potions.
  3782 | D:4      | 3782 ||| DROPPING scroll of blinking.
  3831 | D:5      | Entered Level 5 of the Dungeon
  3929 | D:5      | Reached skill level 7 in Axes
  3993 | D:5      | 3993 ||| Stepping ~*~*~tactically~*~*~ (stealth).
  3995 | D:5      | 3995 ||| Stepping ~*~*~tactically~*~*~ (stealth).
  4109 | D:5      | Identified the staff "Gargoyle's Curse" {rPois rF- Dex+10
                  | Poison}
  4111 | D:5      | Found an opulent altar of Gozag.
  4200 | D:5      | Reached skill level 1 in Throwing
  4200 | D:5      | Reached XP level 8. HP: 49/49 MP: 8/8
  4200 | D:5      | Found a basalt altar of Yredelemnul.
  4204 | D:5      | 4204 ||| Stepping ~*~*~tactically~*~*~ (stealth).
  4206 | D:5      | 4206 ||| Stepping ~*~*~tactically~*~*~ (stealth).
  4732 | D:5      | 4732 ||| UPGRADING to amulet of reflection.
  4737 | D:5      | 4737 ||| DRINKING 2 brown potions.
  4738 | D:5      | 4738 ||| DRINKING 4 potions of curing.
  4738 | D:5      | 4738 ||| (to cure confusion)
  4739 | D:5      | 4739 ||| DRINKING 2 emerald potions.
  4740 | D:5      | 4740 ||| READING 3 scrolls of identify.
  4740 | D:5      | 4740 ||| IDENTIFYING fizzy grey potion
  4741 | D:5      | 4741 ||| READING 2 scrolls of identify.
  4741 | D:5      | 4741 ||| IDENTIFYING fuming red potion
  4742 | D:5      | 4742 ||| DROPPING potion of invisibility.
  4743 | D:5      | 4743 ||| DROPPING potion of ambrosia.
  4846 | D:6      | Reached skill level 8 in Axes
  4902 | D:6      | 4902 ||| FLEEEEING.
  4903 | D:6      | 4903 ||| FLEEEEING.
  5107 | D:6      | Reached skill level 6 in Fighting
  5263 | D:6      | Found a hazy altar of Hepliaklqana.
  5263 | D:6      | Found a sacrificial altar of Ru.
  5326 | D:6      | 5326 ||| Stepping ~*~*~tactically~*~*~ (hiding).
  5557 | D:6      | 5557 ||| READING 2 scrolls of identify.
  5557 | D:6      | 5557 ||| IDENTIFYING fizzy ruby potion
  5558 | D:6      | 5558 ||| DROPPING potion of degeneration.
  5833 | D:7      | Noticed a two-headed ogre
  5844 | D:7      | HP: 12/51 [two-headed ogre/+0 giant club (4)]
  5845 | D:7      | 5845 ||| READING 3 scrolls of teleportation.
  5846 | D:7      | HP: 4/51 [two-headed ogre/+0 giant club (8)]
  5848 | D:7      | Mangled by a two-headed ogre

Levels and vault maps discovered:
D:1:      tekkud_arrival_beachfront_property, layout_basic
D:2:      layout_basic, columned_hall_lemuel, uniq_sigmund
D:3:      layout_loops_corners, mainiacjoe_overflow_tiny_flanked,
          chequers_serial_rivers_room_b, hangedman_decor_growths,
          kennysheep_nub, uniq_robin
D:4:      layout_basic, serial_corexii_hall, chequers_hall_statues_wall_a,
          corexii_hall_statues_l, corexii_hall_statues_l,
          chequers_hall_statues_y, gammafunk_ghost_cemetery,
          nicolae_stop_n_shop_2, hangedman_decor_push, corexii_hall_statues_t,
          kennysheep_small_spiral, chequers_mini_garden, grunt_ministairs_3,
          hangedman_decor_opposing
D:5:      layout_basic, mainiacjoe_overflow_catch_the_wave, grunt_ministairs_5
D:6:      layout_rooms, nicolae_overflow_two_pavilions
D:7:      layout_layer_cave, minmay_temple_entry_glassed_door

Skill      XL: |  1  2  3  4  5  6  7  8 |
---------------+-------------------------+-----
Axes           | 2 3 5 6 7 8 |  8.6
Fighting       | 4 5 6 |  6.1
Dodging        | 1 |  1.0
Throwing       | 1 |  1.8
Armour         | 4 |  4.1
Shields        | |  3.2

Action                     |  1- 3 |  4- 6 |  7- 9 || total
---------------------------+-------+-------+-------++-------
  Melee: War axe           |   116 |   156 |   203 ||   475
  Throw: Boomerang         |       |       |    36 ||    36
    Use: Scroll            |     3 |     3 |     6 ||    12
         Potion            |       |     1 |     5 ||     6
 Armour: Scale mail        |    57 |   121 |    12 ||   190
         Chain mail        |       |       |    84 ||    84
  Dodge: Dodged            |    52 |    70 |    59 ||   181
  Block: Buckler           |    27 |    36 |    62 ||   125
         Reflection        |       |       |     1 ||     1

Table legend:
 A = Non-vault XP
 B = Vault XP
 C = Vault XP percentage of total XP
 D = Non-vault monster count
 E = Vault monster count
 F = Vault count percentage of total count
                 A         B        C        D         E       F
            +---------+---------+-------+---------+---------+-------
      Total |    1873 |     438 |  19.0 |     127 |      21 |  14.2
            +---------+---------+-------+---------+---------+-------
        D:1 |      46 |       0 |   0.0 |      29 |       0 |   0.0
        D:2 |      30 |     231 |  88.5 |      17 |       1 |   5.6
        D:3 |      95 |      37 |  28.0 |      25 |      13 |  34.2
        D:4 |     303 |      84 |  21.7 |      18 |       5 |  21.7
        D:5 |     418 |      86 |  17.1 |      16 |       2 |  11.1
        D:6 |     776 |       0 |   0.0 |      19 |       0 |   0.0
        D:7 |     205 |       0 |   0.0 |       3 |       0 |   0.0
            +---------+---------+-------+---------+---------+-------
